 Dungeon Crawl Stone Soup version 0.21.0-24-g2553a33 (webtiles) character file.

63 Ribbsey the Chopper (level 4, 0/40 HPs)
             Began as a Hill Orc Berserker on Jan 19, 2018.
             Was a Believer of Trog.
             Slain by an adder (3 damage)
             ... on level 3 of the Dungeon.
             The game lasted 00:30:55 (1344 turns).

Ribbsey the Chopper (Hill Orc Berserker)            Turns: 1344, Time: 00:30:56

Health: 0/40       AC:  5    Str: 20    XL:     4   Next: 10%
Magic:  4/4        EV: 11    Int:  7    God:    Trog [**....]
Gold:   56         SH:  0    Dex: 10    Spells: 3/3 levels left

rFire    . . .     SeeInvis .   a - +0 hand axe
rCold    . . .     Gourm    .   (no shield)
rNeg     . . .     Faith    .   f - +0 ring mail (curse)
rPois    .         Spirit   .   (no helmet)
rElec    .         Reflect  .   (no cloak)
rCorr    .         Harm     .   (no gloves)
MR       .....     Rnd*Tele +   (no boots)
Stlth    ..........             (no amulet)
HPRegen  0.13/turn              k - ring of teleportation (curse)
MPRegen  0.09/turn              (no ring)

@: lethally poisoned (0 -> -3)
A: no striking features
a: Berserk, Trog's Hand, Burn Spellbooks, Renounce Religion


You were on level 3 of the Dungeon.
You worshipped Trog.
Trog was pleased with you.
You were not hungry.

You visited 1 branch of the dungeon, and saw 3 of its levels.

You collected 56 gold pieces.

Inventory:

Hand Weapons
 a - a +0 hand axe (weapon)
 h - a +0 short sword
 i - a +0 hand axe
Missiles
 m - 7 tomahawks (quivered)
Armour
 b - a +0 animal skin
 f - a cursed +0 ring mail (worn)
 o - a +0 ring mail
 q - a +0 robe
Jewellery
 k - a cursed ring of teleportation (left hand)
Scrolls
 d - 4 scrolls of identify {unknown}
 l - 3 scrolls of remove curse {unknown}
 n - a scroll of teleportation {unknown}
 p - a scroll of fog {unknown}
 r - a scroll of immolation {unknown}
Potions
 e - a potion of brilliance {unknown}
 g - a potion of curing {unknown}
 j - a potion of invisibility {unknown}
Comestibles
 c - 3 rations


   Skills:
 + Level 4.2 Fighting
 + Level 5.0 Axes
 + Level 3.0 Armour
 + Level 2.0 Dodging


You had 3 spell levels left.
You didn't know any spells.

Dungeon Overview and Level Annotations

Branches:
Dungeon (3/15)

Altars:


Message History

You feel sick. The adder barely misses you. The adder misses you.
There is a stone staircase leading down here.
The adder bites you but does no damage.
You climb downwards.
A kobold comes into view. It is wielding a club.
You feel sick.
You are no longer poisoned.
The kobold shouts!
Found a scroll labeled KUMUOPN ROCEAL, a whip and a tubular ivory ring.
There is a stone staircase leading up here.
You barely miss the adder. The adder bites you.
* * * LOW HITPOINT WARNING * * *
You are lethally poisoned!
The adder poisons you!
You slash the adder!
The adder is almost dead.
* * * LOW HITPOINT WARNING * * *
You feel sick. The adder misses you. The adder bites you.
You die...

#.# #.# # #.#
#.#.# .#.# #
..# .####
#..###.#......
#....S@......?
#...###.......
#. .....K.
.......
..)...=
#.....# ###.##
s#


You could see an adder, a giant cockroach (wandering) and a kobold.

Vanquished Creatures
  2 adders (D:2)
  A worm (D:2)
  2 leopard geckos
  3 giant cockroaches
  4 goblins (D:1)
  8 hobgoblins
  4 jackals (D:1)
  3 kobolds
  4 bats
  A frilled lizard (D:2)
  4 rats
36 creatures vanquished.

Vanquished Creatures (others)
  5 toadstools (D:2)
5 creatures vanquished.

Grand Total: 41 creatures vanquished

Notes
Turn   | Place    | Note
-------+----------+-------------------------------------------
     0 | D:1      | Ribbsey the Hill Orc Berserker began the quest for the Orb.
     0 | D:1      | Reached XP level 1. HP: 19/19 MP: 1/1
     2 | D:1      | Noticed a vine stalker
     2 | D:1      | Noticed a vampire
     6 | D:1      | Noticed a gargoyle
     6 | D:1      | Noticed a merfolk
     8 | D:1      | Noticed a ghoul
     8 | D:1      | Noticed a tengu
    10 | D:1      | Noticed a demigod
    10 | D:1      | Noticed a demonspawn
    12 | D:1      | Noticed a formicid
    14 | D:1      | Noticed a felid
    14 | D:1      | Noticed a naga
    16 | D:1      | Noticed a spriggan
    18 | D:1      | Noticed a minotaur
    18 | D:1      | Noticed an octopode
    20 | D:1      | Noticed a halfling
    20 | D:1      | Noticed a human
    22 | D:1      | Noticed a troll
    24 | D:1      | Noticed an ogre
    24 | D:1      | Noticed a dwarf
    26 | D:1      | Noticed a draconian
    26 | D:1      | Noticed an elf
    28 | D:1      | Noticed a centaur
   222 | D:1      | Reached XP level 2. HP: 24/27 MP: 2/2
   643 | D:1      | Reached XP level 3. HP: 32/33 MP: 3/3
  1107 | D:2      | Reached ** piety under Trog
  1293 | D:2      | Reached skill level 5 in Axes
  1330 | D:2      | Reached XP level 4. HP: 9/40 MP: 4/4
  1344 | D:3      | Slain by an adder

Skill      XL: |  1  2  3 |
---------------+----------+-----
Fighting       | 4 |  4.2
Dodging        | 2 |  2.0
Axes           | 5 |  5.0
Armour         | 3 |  3.0

Action                   |  1- 3 |  4- 6 || total
-------------------------+-------+-------++-------
Melee: Hand axe          |   154 |     2 ||   156
  Eat: Ration            |     1 |       ||     1
Armor: Animal skin       |     1 |       ||     1
       Ring mail         |    48 |     1 ||    49
Dodge: Dodged            |    85 |     3 ||    88
